 Dungeon Crawl Stone Soup version 0.18.1-50-g88ac8fd (webtiles) character file.

213 atgrul the Conjurer (level 5, -2/33 HPs)
             Began as a High Elf Conjurer on Sept 18, 2016.
             Slain by a centaur skeleton (5 damage)
             ... on level 4 of the Dungeon.
             The game lasted 00:09:02 (2960 turns).

atgrul the Conjurer (High Elf Conjurer)             Turns: 2960, Time: 00:09:03

Health: -2/33      AC:  4    Str:  7    XL:     5   Next: 59%
Magic:  9/9        EV: 12    Int: 20    God:
Gold:   128        SH:  0    Dex: 15    Spells: 1 memorised, 7 levels left

rFire  . . .     SeeInvis .     f - +0 club
rCold  . . .     Gourm    .     a - +0 robe
rNeg   . . .     Faith    .     (no shield)
rPois  .         Spirit   .     (no helmet)
rElec  .         Dismiss  .     r - +0 cloak
rCorr  .         Reflect  .     s - +0 pair of gloves
SustAt +         Harm     .     (no boots)
MR     .....                    q - amulet of magic regeneration
Stlth  ++........               x - +1 ring of slaying
                                o - ring of sustain attributes

@: drained, not resistant to hostile enchantments, unstealthy
A: no striking features
a: no special abilities


You were on level 4 of the Dungeon.
You were hungry.

You visited 1 branch of the dungeon, and saw 4 of its levels.

You collected 128 gold pieces.

Inventory:

Hand Weapons
 f - a +0 club (weapon)
Armour
 a - a +0 robe (worn)
 r - a +0 cloak (worn)
 s - a +0 pair of gloves (worn)
Jewellery
 d - an uncursed amulet of harm
 o - a ring of sustain attributes (left hand)
 q - an amulet of magic regeneration (around neck)
 x - a +1 ring of slaying (right hand)
Scrolls
 e - 6 scrolls of identify {unknown}
 i - a scroll of fog {unknown}
 j - 2 scrolls of teleportation {unknown}
 k - a scroll of magic mapping {unknown}
 n - a scroll of enchant weapon {unknown}
 p - a scroll of random uselessness {unknown}
 t - 2 scrolls of recharging {unknown}
 v - 2 scrolls of immolation {unknown}
 y - a scroll of amnesia {unknown}
Potions
 h - 2 potions of curing {unknown}
 u - a potion of resistance {unknown}
 w - a potion of haste {unknown}
 z - 2 potions of agility {unknown}
Books
 b - a book of Conjurations

   Spells                             Type                      Level
   a - Magic Dart                     Conjuration                  1
   b - Searing Ray                    Conjuration                  2
   c - Dazzling Spray                 Conjuration/Hexes            3
   d - Fulminant Prism                Conjuration/Hexes            4
   e - Iskenderun's Mystic Blast      Conjuration                  4
   f - Iskenderun's Battlesphere      Conjuration/Charms           5
Comestibles
 c - 2 bread rations
 g - 5 fruits
 l - 2 beef jerkies
 m - 5 meat rations
 A - a slice of pizza


   Skills:
 * Level 1.3(1.0) Fighting
 - Level 2.1(1.9) Dodging
 - Level 2.1(1.9) Stealth
 - Level 2.4(2.2) Spellcasting
 * Level 7.3(7.1) Conjurations


You had 7 spell levels left.
You knew the following spells:

 Your Spells              Type           Power        Failure   Level  Hunger
a - Magic Dart            Conj           ####         1%          1    #......


Dungeon Overview and Level Annotations

Branches:
Dungeon (4/15)
 Temple: D:4-7

Altars:
Ashenzari


Message History

The centaur skeleton hits you.
The giant gecko bites you but does no damage.
You closely miss the giant gecko.
The giant gecko is heavily wounded.
The centaur skeleton barely misses you.
The giant gecko bites you but does no damage.
The centaur skeleton closely misses you.
You hit the giant gecko.
You kill the giant gecko!
The centaur skeleton hits you. The centaur skeleton hits you.
You hit the centaur skeleton. The centaur skeleton hits you. x2
* * * LOW HITPOINT WARNING * * *
You hit the centaur skeleton. The centaur skeleton hits you.
* * * LOW HITPOINT WARNING * * *
You hit the centaur skeleton but do no damage.
The centaur skeleton hits you.
* * * LOW HITPOINT WARNING * * *
The centaur skeleton hits you.
You die...

#.# ##### #. #.#
##...## .##
#.###.....## ..#
#.##.......# #.#
#..........# #.#
####..(....####.#
##[..........#
##...#.####Z#######
##.##.# #@.......
#.##.# #......#.
#.##<# ######.#
#.##.# # #.##..
#.####. #.# .# #.#
#


You could see a centaur skeleton.

Vanquished Creatures
  An orc wizard (D:4)
  2 worker ants
  An adder (D:3)
  3 gnolls (D:3)
  An ooze (D:3)
  3 worms
  A dart slug (D:4)
  3 giant geckos
  8 orcs
  A giant cockroach (D:3)
  3 goblins (D:1)
  10 hobgoblins
  7 jackals
  5 kobolds
  3 quokkas
  10 bats
  4 giant newts
  8 rats
74 creatures vanquished.

Notes
Turn   | Place    | Note
--------------------------------------------------------------
     0 | D:1      | atgrul the High Elf Conjurer began the quest for the Orb.
     0 | D:1      | Reached XP level 1. HP: 11/11 MP: 4/4
   232 | D:1      | Reached XP level 2. HP: 15/17 MP: 3/6
   309 | D:1      | Reached skill level 5 in Conjurations
   861 | D:2      | Reached XP level 3. HP: 21/22 MP: 7/7
  1387 | D:3      | Reached skill level 1 in Fighting
  1437 | D:3      | Found a shattered altar of Ashenzari.
  1476 | D:3      | Reached XP level 4. HP: 28/28 MP: 4/8
  1491 | D:3      | Found a faded altar to an unknown god.
  1496 | D:3      | Reached skill level 6 in Conjurations
  2224 | D:3      | Reached XP level 5. HP: 33/33 MP: 4/9
  2532 | D:4      | Reached skill level 7 in Conjurations
  2960 | D:4      | Slain by a centaur skeleton

Skill      XL: |  1  2  3  4  5 |
---------------+----------------+-----
Conjurations   | 5 6 7 |  7.3
Fighting       | 1 |  1.3
Dodging        | |  2.1
Stealth        | |  2.1
Spellcasting   | |  2.4

Action                   |  1- 3 |  4- 6 || total
-------------------------+-------+-------++-------
Melee: Club              |    46 |    25 ||    71
       Unarmed           |     1 |       ||     1
 Cast: Magic Dart        |    65 |    77 ||   142
 Stab: Sleeping          |     2 |     1 ||     3
  Eat: Chunk             |     2 |     5 ||     7
Armor: Robe              |    18 |    10 ||    28
Dodge: Dodged            |    46 |    14 ||    60
